 Dungeon Crawl Stone Soup version 0.27.1-33-g824d729ab1 (webtiles) character file.

Game seed: 12440877316526088242

96 austinbyrn the Shield-Bearer (level 4, 0/29 HPs)
             Began as a Gargoyle Fighter on Dec 14, 2021.
             Slain by an orc priest (3 damage)
             ... on level 3 of the Dungeon.
             The game lasted 00:03:39 (2512 turns).

austinbyrn the Shield-Bearer (Gargoyle Fighter)     Turns: 2512, Time: 00:03:40

Health: 0/29       AC: 10    Str: 21    XL:     4   Next: 67%
Magic:  4/4        EV:  7    Int:  8    God:
Gold:   133        SH:  9    Dex:  9    Spells: 3/3 levels left

rFire    . . .     SeeInvis .   a - +0 flail
rCold    . . .     Faith    .   c - +0 kite shield
rNeg     + . .     Spirit   .   b - +0 scale mail
rPois    ∞         Reflect  .   (no helmet)
rElec    +         Harm     .   (no cloak)
rCorr    .         Rampage  .   (no gloves)
Will     .....                  (no boots)
Stlth    ..........             (no amulet)
HPRegen  0.09/turn              (no ring)
MPRegen  0.09/turn              (no ring)

@: mighty
A: sickness immunity, AC +3, negative energy resistance 1, electricity
resistance, torment resistance 1, petrification resistance
a: no special abilities


You were on level 3 of the Dungeon.
You visited 1 branch of the dungeon, and saw 3 of its levels.

You collected 133 gold pieces.

Inventory:

Hand Weapons
 a - a +0 flail (weapon)
Missiles
 k - 2 atropa-tipped darts (quivered)
Armour
 b - a +0 scale mail (worn)
 c - a +0 kite shield (worn)
Wands
 h - a wand of flame (14)
Scrolls
 e - 3 scrolls of identify {unknown}
 g - a scroll of magic mapping {unknown}
 l - a scroll of amnesia {unknown}
 m - 4 scrolls of teleportation {unknown}
 o - a scroll of fear {unknown}
Potions
 f - a potion of haste {unknown}
 i - a potion of brilliance {unknown}
 n - a potion of lignification {unknown}


   Skills:
 + Level 3.8 Fighting
 * Level 3.1 Maces & Flails
 + Level 3.8 Armour
 * Level 4.3 Shields


You had 3 spell levels left.
You didn't know any spells.
Your spell library was empty.

Dungeon Overview and Level Annotations

Branches:
Dungeon (3/15)

Altars:


Innate Abilities, Weirdness & Mutations

You are immune to sickness and miasma.
Your stone body is resilient. (AC +3)
You are immune to poison.
You resist negative energy. (rN+)
You are resistant to electric shocks. (rElec)
You are resistant to unholy torment.
You are immune to petrification.


Message History

The orc priest is lightly wounded.
You block the orc priest's attack.
The orc priest looks braver for a moment.
You hit the orc priest.
The orc priest is moderately wounded.
The orc hits you with a +0 whip.
The orc priest hits you with a +0 dagger.
The orc closely misses you.
You hit the orc priest.
The orc priest is moderately wounded.
You block the orc priest's attack. The orc hits you but does no damage.
The orc priest closely misses you.
You closely miss the orc priest.
The orc priest is moderately wounded.
You block the orc's attack.
The orc priest invokes the aid of Beogh against you.
Pain shoots through your body! The orc hits you with a +0 whip.
You closely miss the orc priest.
The orc priest is moderately wounded.
The orc priest calls down the wrath of Beogh upon you.
Beogh smites you!
* * * LOW HITPOINT WARNING * * *
The orc hits you with a +0 whip.
* * * LOW HITPOINT WARNING * * *
The orc priest hits you but does no damage.
It was a potion of curing.
You feel better. The orc barely misses you. You block the orc priest's attack.
You feel better. You block the orc's attack.
The orc priest invokes the aid of Beogh against you.
Beogh smites you!
* * * LOW HITPOINT WARNING * * *
You feel very mighty all of a sudden. The orc hits you with a +0 whip.
* * * LOW HITPOINT WARNING * * *
The orc priest hits you but does no damage.
Your scale mail prevents you from hitting the orc priest.
The orc priest is moderately wounded.
You block the orc's attack.
The orc priest hits you with a +0 dagger.
You die...

..#.##.........# #
...........##.# #.
#.##...........
#.#.#.#...#####.##
..###............
#.#...........##
#####..##.#.##.##.#
#...#...††#.# .#
#@..).##.. .
#oo###.###.S .
#.ro. #.# .. .#
.....#.#^# ...
...##......# #...
#... ... .#. #.##
##. . #. .#


You could see an orc priest, 2 orcs and a rat.

Vanquished Creatures
  3 adders
  A worm (D:3)
  A dart slug (D:3)
  An orc (D:3)
  10 bats
  5 endoplasms
  2 giant cockroaches
  11 goblins
  6 hobgoblins
  2 kobolds
  3 quokkas (D:1)
  7 ball pythons
  4 frilled lizards
  2 rats (D:1)
58 creatures vanquished.

Notes
Turn   | Place    | Note
-------+----------+-------------------------------------------
     0 | D:1      | austinbyrn the Gargoyle Fighter began the quest for the
                  | Orb.
     0 | D:1      | Reached XP level 1. HP: 14/14 MP: 1/1
   210 | D:1      | Reached XP level 2. HP: 19/19 MP: 2/2
   549 | D:1      | Reached XP level 3. HP: 22/23 MP: 3/3
   580 | D:1      | Found a faded altar of an unknown god.
  1406 | D:2      | Reached skill level 4 in Shields
  1875 | D:2      | Reached XP level 4. HP: 28/29 MP: 4/4
  2512 | D:3      | Slain by an orc priest

Illustrated notes

Levels and vault maps discovered:
D:1:      dpeg_arrival_water_temple_mockup, layout_basic,
          hellmonk_ecumenical_altar_lost_god
D:2:      layout_basic, grunt_decor_junction, small_statue_intersection,
          fountainhead, chequers_mini_garden
D:3:      layout_loops_cross, fountainhead, hangedman_decor_diamond_cutter,
          uniq_ijyb

Skill      XL: |  1  2  3  4 |
---------------+-------------+-----
Shields        | 4 |  4.3
Maces & Flails | 3 |  3.1
Fighting       | |  3.8
Armour         | |  3.8

Action                   |  1- 3 |  4- 6 || total
-------------------------+-------+-------++-------
Melee: Flail             |   106 |    57 ||   163
  Use: Potion            |       |     3 ||     3
Armor: Scale mail        |    72 |    39 ||   111
Dodge: Dodged            |    45 |    17 ||    62
Block: Kite shield       |    60 |    49 ||   109
